Map: Miner Evacuation

Players

NegruVoda

  • Race: Terran Terran
  • Spawn Location: 7:00

RyuKey

  • Race: Protoss Protoss
  • League: Diamond
  • Spawn Location: 7:00

VOD

Have the link to the VOD?

Description

Time

  • Played on: June 16, 2020, 11:04 a.m.
  • Length: 24:22
Show
View Real Time Build Order
Export as new Build Order

NegruVoda Terran 

Build Orders:  

Get SALT Encoding   

  12  0:03  SCV  
  13  0:20  SCV  
  14  0:35  Refinery  
  14  0:37  SCV  
  15  0:45  Refinery  
  15  0:54  SCV  
  16  1:11  SCV  
  17  1:28  SCV  
  18  1:37  Barracks  
  18  1:44  Engineering Bay  
  18  1:45  SCV  
  19  2:03  SCV  
  20  2:17  Caduceus Reactor  
  20  2:20  SCV  
  20  2:29  Terran Infantry Weapons Level 1  
  21  2:37  SCV  
  22  2:49  Barracks Tech Lab  
  22  3:14  Factory  
  22  3:47  Laser Targeting System  
  22  3:58  Elite Marine  
  26  4:17  Super Stimpack  
  26  5:08  Terran Infantry Armor Level 1  
  26  5:23  Factory Tech Lab  
  26  5:40  Armory  
  26  5:41  Ghost Visor  
  26  7:05  Terran Vehicle and Ship Weapons Level 1  
  26  7:09  Armory  
  26  7:12  Ares-Class Targeting System  
  26  7:19  Strike Goliath  
  32  7:28  Triple Tap  
  32  7:42  Lockdown Missiles  
  32  8:38  Starport  
  32  9:14  Refinery  
  32  9:30  Starport Tech Lab  
  32  9:39  Terran Vehicle And Ship Armor Level 1  
  32  10:09  Refinery  
  32  10:38  Spec Ops Ghost  
  36  11:12  Railgun Turret  
  36  11:20  Strike Goliath  
  36  11:26  Covert Triage  
  42  11:36  Elite Marine  
  46  12:02  Railgun Turret  
  46  12:11  Enhanced Manufacturing  
  46  12:27  Raven Type-II  
  48  12:31  Terran Infantry Weapons Level 2  
  48  12:44  Railgun Turret  
  48  14:24  Railgun Turret  
  48  14:33  Strike Goliath  
  48  14:37  Terran Vehicle And Ship Armor Level 2  
  48  14:39  Terran Vehicle and Ship Weapons Level 2  
  54  14:45  Operational Efficiency  
  54  15:09  Command Center  
  54  15:29  Advanced Cloaking Field  
  54  15:40  Raven Type-II  
  54  15:41  Terran Infantry Armor Level 2  
  54  15:45  Infernal Projectiles  
  56  15:59  Rocket Barrage  
  56  16:26  Spec Ops Ghost  
  60  17:46  Railgun Turret  
  60  17:51  SCV  
  61  18:08  SCV  
  62  18:25  SCV, Railgun Turret  
  63  18:39  Spec Ops Ghost  
  67  18:42  SCV  
  68  18:51  Terran Infantry Weapons Level 3  
  68  18:54  Defensive Drone  
  68  19:00  Defensive Drone  
  68  19:42  Strike Goliath  
  68  19:48  SCV  
  75  20:05  SCV  
  76  20:46  Spec Ops Ghost  
  80  22:14  Defensive Drone  
  80  22:39  Covert Banshee  
  86  22:50  Defensive Drone  
  86  23:15  Defensive Drone  
  86  23:38  Spec Ops Ghost  
  90  23:55  Defensive Drone  
Show
View Real Time Build Order
Export as new Build Order

RyuKey Protoss 

Build Orders:  

Get SALT Encoding   

  12  0:02  Probe (Chrono Boost)  
  13  0:16  Probe (Chrono Boost)  
  14  0:30  Probe (Chrono Boost)  
  14  0:32  Pylon  
  15  0:56  Probe (Chrono Boost)  
  15  0:59  Gateway  
  16  1:04  Assimilator  
  16  1:10  Probe (Chrono Boost)  
  16  1:14  Assimilator  
  17  1:24  Probe (Chrono Boost)  
  18  1:38  Probe (Chrono Boost)  
  19  1:52  Probe (Chrono Boost)  
  19  1:59  Pylon  
  20  2:06  Cybernetics Core  
  20  2:08  Probe (Chrono Boost)  
  21  2:18  Pylon  
  21  2:22  Probe (Chrono Boost)  
  22  2:36  Probe (Chrono Boost)  
  23  2:50  Probe (Chrono Boost)  
  24  3:00  Dragoon  
  24  3:04  Dragoon, Probe (Chrono Boost)  
  29  3:18  Probe (Chrono Boost)  
  30  3:28  Dragoon  
  32  3:31  Probe (Chrono Boost)  
  33  3:45  Probe (Chrono Boost)  
  34  3:51  Twilight Council  
  34  3:59  Probe (Chrono Boost)  
  35  4:13  Probe (Chrono Boost)  
  35  4:18  Dragoon  
  38  4:35  Pylon  
  38  4:36  Pylon  
  38  4:39  Gateway  
  38  4:48  Singularity Charge  
  38  5:03  Dragoon x2  
  42  5:42  Forge  
  42  5:43  Forge  
  42  5:48  Gateway  
  42  5:49  Trillic Compresion Mesh  
  42  5:58  Dragoon  
  44  6:27  Robotics Facility  
  44  6:37  Protoss Ground Weapons Level 1, Probe (Chrono Boost)  
  44  6:38  Protoss Ground Armor Level 1  
  45  7:26  Dragoon  
  45  7:27  Dragoon x3  
  53  7:35  Observer  
  54  8:06  Pylon  
  54  8:09  Pylon  
  54  8:20  Pylon  
  54  8:23  Pylon  
  54  8:24  Whirlwind  
  54  8:30  Pylon  
  54  8:33  Pylon  
  54  9:03  Nexus  
  54  9:09  Pylon  
  54  9:18  Dragoon  
  56  9:47  Probe (Chrono Boost)  
  57  10:04  Probe (Chrono Boost)  
  57  10:08  Assimilator  
  58  10:14  Photon Cannon  
  59  10:21  Probe (Chrono Boost)  
  59  10:33  Photon Cannon  
  59  10:38  Probe (Chrono Boost)  
  60  10:46  Dragoon  
  62  11:14  Photon Cannon  
  62  11:23  Pylon  
  62  11:29  Gateway  
  62  11:31  Photon Cannon  
  62  11:43  Assimilator  
  62  11:46  Dragoon x2  
  66  11:55  Probe (Chrono Boost)  
  66  11:57  Probe (Chrono Boost)  
  68  12:03  Pylon  
  68  12:13  Probe (Chrono Boost)  
  68  12:16  Probe (Chrono Boost)  
  70  12:38  Dragoon x2  
  70  12:39  Dragoon x2  
  78  12:46  Charge  
  78  12:52  Zealot x2  
  78  13:45  Protoss Ground Armor Level 2  
  78  13:57  Dragoon x3, Protoss Ground Weapons Level 2  
  84  14:21  Photon Cannon  
  84  14:24  Photon Cannon  
  84  14:43  Robotics Bay  
  84  14:45  Gateway  
  84  14:50  Probe (Chrono Boost)  
  84  14:53  Probe (Chrono Boost)  
  86  15:04  Probe (Chrono Boost)  
  88  15:10  Probe (Chrono Boost)  
  88  15:17  Pylon  
  88  15:21  Pylon  
  88  15:22  Probe (Chrono Boost)  
  88  15:27  Probe (Chrono Boost)  
  90  15:36  Probe (Chrono Boost)  
  90  15:38  Dragoon x6, Solarite Payload  
  103  16:06  Dragoon x3  
  109  16:13  Probe (Chrono Boost)  
  109  16:14  Probe (Chrono Boost)  
  100  16:30  Probe (Chrono Boost)  
  113  16:31  Probe (Chrono Boost)  
  113  16:52  Dragoon  
  113  16:53  Dragoon x2  
  113  16:54  Zealot x3  
  113  16:55  Protoss Ground Weapons Level 3, Zealot  
  127  17:13  Dragoon x3  
  131  17:35  Probe (Chrono Boost)  
  131  17:36  Protoss Ground Armor Level 3, Probe (Chrono Boost)  
  133  17:52  Probe x2 (Chrono Boost)  
  135  18:09  Probe (Chrono Boost)  
  136  18:20  Dragoon x6  
  136  18:21  Dragoon  
  148  19:30  Dragoon x2  
  148  19:31  Dragoon x3  
  148  19:32  Scarab Housing  
  158  19:54  Pylon  
  158  19:56  Pylon  
  158  20:09  Photon Cannon  
  158  20:11  Photon Cannon  
  158  20:12  Photon Cannon  
  158  20:13  Photon Cannon  
  158  20:14  Photon Cannon  
  158  20:16  Photon Cannon, Gateway  
  158  20:17  Photon Cannon  
  158  20:18  Photon Cannon  
  158  20:22  Gateway  
  156  20:55  Zealot  
  156  20:56  Zealot x8  
  172  21:27  Observer x2  
  174  21:33  Pylon  
  174  21:38  Pylon  
  174  21:44  Pylon  
  174  21:50  Pylon x2  
  164  22:15  Dragoon x3  
  164  22:16  Dragoon x6  
  178  22:45  Reaver x2  
  190  23:10  Zealot x4  
  190  23:11  Zealot  
  200  23:53  Dragoon  
Tags
 
Add a new tag
Caveats
  • Supply blocks, unpowered buildings, or Contaminate may cause inaccurate times.
  • Supply counts are checked every 10 seconds.